AoeStats
← q2e_lol

Black Forest

507277354Analyzed
4v4 RM · 14d ago on Sep 17, 2026· 20m 36s· 8 players
Game mode
Random Map
Map size
Large (8 player)
Population
200
Speed
Normal
Resources
Standard
Victory
Conquest
Starting age
Dark Age
Ending age
Imperial Age
RankedLock teamsTeams togetherTeam positionsShared explorationLock speedFull tech treeHidden civsTurbo modeCheats
Victory
Defeat
🇬🇧 Persians · United Kingdom
1010
+18
🇺🇸 Vietnamese · United States
991
+19
🇨🇳 Maya · China
985
+19
🇹🇼 Magyars · Taiwan
985
+19
🇹🇼 Tupi · Taiwan
1178
-24
🇭🇰 Persians · Hong Kong SAR China
1035
-38
🇭🇰 Poles · Hong Kong SAR China
1030
-18
🇹🇼 Magyars · Taiwan
954
-15
Ben
0:44 Loom
13:13 Feudal Age
14:43 Double-Bit Axe
14:41 Horse Collar
15:39 Wheelbarrow
18:48 Castle Age
17:43 Stone Mining
18:13 Gold Mining
20:13 Bow Saw
20:04 Heavy Plow
toby
12:43 Feudal Age
14:45 Double-Bit Axe
18:03 Castle Age
15:50 Horse Collar
19:10 Stone Mining
19:10 Gold Mining
19:12 Loom
ELO800
7:41 Loom
9:55 Feudal Age
10:21 Double-Bit Axe
15:03 Bloodlines
15:07 Scale Barding Armor
16:01 Wheelbarrow
16:30 Horse Collar
16:40 Gold Mining
22:01 Castle Age
Xcw
0:27 Loom
12:36 Feudal Age
15:13 Wheelbarrow
16:41 Castle Age
16:09 Fletching
mozo815 灰色
1:23 Loom
13:33 Feudal Age
14:26 Double-Bit Axe
20:28 Castle Age
19:04 Horse Collar
20:35 Fletching
Mayho
5:35 Loom
13:49 Feudal Age
15:06 Horse Collar
15:15 Double-Bit Axe
18:16 Castle Age
q2e_lol
0:27 Loom
14:00 Feudal Age
夕海真雪
10:00 Loom
11:47 Feudal Age
15:47 Castle Age
13:39 Double-Bit Axe
14:17 Horse Collar
16:56 Bow Saw
16:48 Heavy Plow
Connection lost

Rejoining the realm…

Still unreachable

The connection could not be restored.

Session expired

The server has moved on; the page needs a fresh start.